 Dungeon Crawl Stone Soup version 0.17-a0-1562-g9b2c768 (webtiles) character file.

261 ololoev the Slasher (level 5, -3/38 HPs)
             Began as a Vampire Skald on July 20, 2015.
             Slain by a gnoll
             ... wielding a +0 halberd
              (10 damage)
             ... on level 4 of the Dungeon.
             The game lasted 00:11:13 (3373 turns).

ololoev the Slasher (Vampire Skald)                 Turns: 3373, Time: 00:11:14

Health: -3/38      AC:  3    Str: 12    XL:     5   Next: 96%
Magic:  6/8        EV: 11    Int: 14    God:
Gold:   178        SH:  0    Dex: 14    Spells: 3 memorised, 1 level left

rFire  . . .     SeeInvis +     g - +3 rapier (drain)
rCold  . . .     Clarity  +     b - +0 leather armour
rNeg   . . .     SustAt   .     (no shield)
rPois  .         Gourm    .     (no helmet)
rElec  .         Spirit   .     (no cloak)
rCorr  .         Warding  .     (no gloves)
rMut   .         Stasis   .     (no boots)
MR     .....                    o - amulet of clarity
Stlth  ++........               (no ring)
                                s - ring of stealth

@: lethally poisoned (-3 -> -7), infused, regenerating quickly, not resistant to
hostile enchantments, unstealthy
A: fangs 3, see invisible, unbreathing
a: no special abilities


Innate Abilities, Weirdness & Mutations

Your natural rate of healing is unusually fast.
You have razor-sharp teeth.
You have supernaturally acute eyesight.
You can survive without breathing.

Inventory:

Hand weapons
 a - a +0 falchion
 g - a +3 rapier of draining (weapon)
Armour
 b - a +0 leather armour (worn)
Jewellery
 o - an amulet of clarity (around neck)
 s - a ring of stealth (left hand)
Scrolls
 c - a scroll of teleportation {unknown}
 e - 2 scrolls of recharging {unknown}
 f - a scroll of random uselessness {unknown}
 h - 2 scrolls of magic mapping {unknown}
 i - a scroll of immolation {unknown}
 j - a scroll of enchant weapon {unknown}
 n - a scroll of remove curse {unknown}
Potions
 d - 2 potions of lignification
 k - a potion of magic
 l - a potion of curing
 m - a potion of haste
 p - a potion of berserk rage {unknown}
 q - a potion of might {unknown}
 r - 2 potions of agility


   Skills:
 - Level 1.7 Fighting
 * Level 4.4 Long Blades
 + Level 2.5 Armour
 - Level 1.1 Dodging
 - Level 2.0 Spellcasting
 + Level 3.7 Charms
 * Level 2.7 Necromancy


You had one spell level left.
You knew the following spells:

 Your Spells              Type           Power        Failure   Level  Hunger
a - Infusion              Chrm           ##....       10%         1    ##.....
b - Regeneration          Chrm/Necr      ##........   28%         3    ####...
c - Spectral Weapon       Hex/Chrm       #.......     50%         3    ####...


You were on level 4 of the Dungeon.
You were full.

You visited 1 branch of the dungeon, and saw 4 of its levels.

You collected 178 gold pieces.

#................# #..#
##.......>.......# #...
#...............# #...
##..............# #...
#.............## #... ###
#.......g.....# #...
..###........gg...## ##...
....#..............# ###....
.(...)..........@.>## ##...###
.....#############..######..###
..#### ###..##...## ###
#.#...### ##..#.## #......#
##......# #.......# #.......##

Notes
Turn   | Place    | Note
--------------------------------------------------------------
     0 | D:1      | ololoev the Vampire Skald began the quest for the Orb.
     0 | D:1      | Reached XP level 1. HP: 16/16 MP: 3/3
    40 | D:1      | Reached skill level 1 in Armour
   434 | D:1      | Reached XP level 2. HP: 17/22 MP: 5/5
  1374 | D:2      | Reached XP level 3. HP: 27/27 MP: 2/6
  1393 | D:2      | Learned a level 3 spell: Regeneration
  1535 | D:2      | Noticed Ijyb
  1557 | D:2      | Killed Ijyb
  1652 | D:2      | Reached XP level 4. HP: 31/33 MP: 7/7
  1657 | D:2      | Learned a level 3 spell: Spectral Weapon
  2410 | D:3      | Reached skill level 1 in Necromancy
  2478 | D:3      | Reached XP level 5. HP: 12/38 MP: 0/8
  2780 | D:4      | Reached skill level 4 in Long Blades
  3373 | D:4      | Slain by a gnoll

Dungeon Overview and Level Annotations

Branches:
Dungeon (4/15)
 Temple: D:4-7

Altars:


Message History

You feel sick.
You feel sick.
s - an agate ring Put on which piece of jewellery? (? for menu, Esc to quit)
s - a ring of stealth (left hand)
You feel sick.
You feel sick.
You feel sick.
You feel sick.
You feel sick.
You are no longer poisoned.
There is a stone staircase leading down here.
The gnoll is too close now for your liking.
Casting: Regeneration
Confirm with . or Enter, or press ? or * to list all spells.
You begin infusing your attacks with magical energy.
The gnoll shouts!
The gnoll hits you with a halberd of venom!
The gnoll shouts! x2
You hit the gnoll. You drain the gnoll!
The gnoll is heavily wounded.
The gnoll hits you with a halberd of venom.
You are poisoned.
You completely miss the gnoll.
The gnoll is heavily wounded.
You feel sick.
You hit the gnoll.
The gnoll is severely wounded.
You feel sick. The gnoll closely misses you. The gnoll closely misses you.
You hit the gnoll. You drain the gnoll!
The gnoll is almost dead.
The gnoll misses you.
The gnoll hits you from afar with a halberd!
You barely miss the gnoll. Your bite misses the gnoll.
The gnoll is almost dead.
You feel sick. The gnoll barely misses you.
You feel sick.
You feel sick.
The gnoll hits you from afar with a halberd!
You die...

You could see 3 gnolls.

Vanquished Creatures
  A scorpion (D:4)
  Ijyb (D:2)
  An orc wizard (D:3)
  An iguana (D:4)
  A worker ant (D:4)
  A gnoll (D:4)
  4 adders
  2 worms
  4 giant geckos
  2 orcs (D:3)
  10 bats
  2 giant cockroaches
  8 hobgoblins
  8 kobolds
  2 ball pythons
  5 giant newts
  7 goblins
  8 rats
68 creatures vanquished.

Action                   |  1- 3 |  4- 6 || total
-------------------------+-------+-------++-------
Melee: Falchion          |   114 |    84 ||   198
       Whip              |       |    15 ||    15
       Dagger            |       |    22 ||    22
       Rapier            |       |    19 ||    19
Throw: Javelin           |       |     6 ||     6
 Cast: Infusion          |     3 |     6 ||     9
       Regeneration      |       |     3 ||     3
  Use: Potion            |     1 |       ||     1
       Scroll            |       |     5 ||     5
  Eat: Corpse            |    11 |     8 ||    19

Vault maps used:
D:1:      dpeg_arrival_stonehenge_8_columns
D:2:      first_bread, uniq_iyjb
